 Dungeon Crawl Stone Soup version 0.29-a0-824-gd827844252 (webtiles) character file.

Game seed: 10273658474505768108

60 buhh the Insei (level 4, -1/29 HPs)
             Began as an Octopode Transmuter on July 10, 2022.
             Killed by divine providence
             ... invoked by an orc priest
              (10 damage)
             ... on level 3 of the Dungeon.
             The game lasted 00:01:31 (2141 turns).

buhh the Insei (Octopode Transmuter)                Turns: 2141, Time: 00:01:32

Health: -1/29      AC:  1    Str:  9    XL:     4   Next: 4%
Magic:  1/7        EV: 13    Int: 17    God:
Gold:   132        SH:  0    Dex: 12    Spells: 1/7 levels left

rFire   . . .      SeeInvis .     - Unarmed
rCold   . . .      Faith    .   (no shield)
rNeg    . . .      Spirit   .   (helmet currently unavailable)
rPois   .          Reflect  .   (no amulet)
rElec   .          Harm     .   (no ring)
rCorr   .          Rampage  .   (no ring)
Will    .....                   (no ring)
Stlth   +++.......              (no ring)
HPRegen 0.09/turn               (no ring)
MPRegen 0.10/turn               (no ring)
                                (no ring)
                                (no ring)

@: appendages (expiring), wereblooded, very slightly contaminated
A: tentacle spike 3, almost no armour, amphibious, 8 rings, camouflage 1,
gelatinous body 1, (nimble swimmer 1), tentacles
a: End Transformation


You were on level 3 of the Dungeon.
One of your tentacles had grown a beastly spike.
You visited 1 branch of the dungeon, and saw 3 of its levels.

You collected 132 gold pieces.

Inventory:

Jewellery
 g - a ring of flight
Scrolls
 a - a scroll of fog {unknown}
 b - 2 scrolls of enchant weapon {unknown}
 c - a scroll of fear {unknown}
 e - a scroll of teleportation {unknown}
 i - 4 scrolls of identify {unknown}
Potions
 f - a potion of might {unknown}
 h - a potion of mutation {unknown}
 j - a potion of haste {unknown}
 k - a potion of resistance {unknown}


   Skills:
 + Level 2.0 Fighting
 + Level 2.6 Dodging
 - Level 2.0 Stealth
 + Level 3.4 Unarmed Combat
 - Level 2.0 Spellcasting
 - Level 2.0 Transmutations
 - Level 1.0 Poison Magic


You had one spell level left.
You knew the following spells:

 Your Spells              Type           Power      Damage    Failure   Level
a - Beastly Appendage     Tmut           16%        N/A       9%          1
b - Wereblood             Tmut           8%         N/A       13%         2
c - Spider Form           Tmut/Pois      6%         N/A       30%         3

Your spell library contained the following spells:

 Spells                   Type           Power      Damage    Failure   Level
 Ignite Poison            Fire/Tmut/Pois 5%         N/A       36%         3
 Mephitic Cloud           Conj/Pois/Air  2%         N/A       45%         3
 Ice Form                 Ice/Tmut       5%         N/A       77%         4
 Freezing Cloud           Conj/Ice/Air   0%         6-21      99%         5


Dungeon Overview and Level Annotations

Branches:
Dungeon (3/15) Zot: 15863

Altars:


Innate Abilities, Weirdness & Mutations

One of your tentacles has grown a beastly spike.
You cannot wear most types of armour.
You are amphibious.
You can wear up to eight rings at the same time.
Your skin changes colour to match your surroundings (Stealth+).
Your rubbery body absorbs attacks. (AC +1, EV +1)
((You are camouflaged when in or above water. (Stealth+)))
You have tentacles for arms and can constrict up to eight enemies at once.


Message History

You see here a frilled lizard corpse.
You open the door.
There is an open door here.
You now have 132 gold pieces (gained 10).
You open the door.
There is an open door here.
An orc comes into view. It is wielding a +0 war axe.
An orc is nearby!
An orc is nearby!
An orc is nearby!
One of your tentacles grows a vicious spike.
An orc wizard comes into view. It is wielding a +0 dagger.
An orc priest comes into view. It is wielding a +0 trident.
You miscast Wereblood.
You are very lightly contaminated with residual magic.
Nothing appears to happen.
Your blood is infused with primal strength.
Your blood is freshly infused with primal strength!
The orc priest shouts!
The orc shouts!
You hear an angry hiss.
An orc priest comes into view. It is wielding a +0 club.
The orc wizard shouts!
The orc priest shouts!
Your transformation is almost over.
The orc hits you with a +0 war axe!
You barely miss the orc. You grab the orc. You squeeze the orc!
You feel a bit better.
You kill the orc!
The orc wizard gestures at you while chanting.
The magic dart hits you.
The orc priest invokes the aid of Beogh against you.
Beogh smites you!
You are too injured to fight recklessly!
You are too injured to fight recklessly!
You are too injured to fight recklessly!
It was a potion of curing.
You feel better.
The orc priest calls down the wrath of Beogh upon you.
Beogh smites you!
An adder comes into view.
The orc priest mumbles some strange prayers to Beogh against you.
Beogh smites you!
You die...

#+ #.# #.#
##.######## #
##.........####.S.#
#.....##.[..o.oo.#
##...###.#@#######
##........#
#.#.###.####.###
#............#
###.###.###### #.#
#.# #.# .########.#


You could see 2 orc priests, an orc wizard and an adder (wandering).

Vanquished Creatures
  A worm (D:2)
  A dart slug (D:1)
  An orc (D:3)
  2 ball pythons
  8 bats
  3 endoplasms
  4 giant cockroaches (D:1)
  5 goblins
  2 hobgoblins
  10 jackals (D:1)
  5 frilled lizards
  4 kobolds
  2 rats (D:2)
48 creatures vanquished.

Notes
Turn   | Place    | Note
-------+----------+-------------------------------------------
     0 | D:1      | buhh the Octopode Transmuter began the quest for the Orb.
     0 | D:1      | Reached XP level 1. HP: 13/13 MP: 3/3
   158 | D:1      | Reached skill level 1 in Stealth
   158 | D:1      | Reached skill level 1 in Poison Magic
   158 | D:1      | Reached XP level 2. HP: 18/18 MP: 3/5
   495 | D:1      | Reached XP level 3. HP: 23/23 MP: 4/6
  1236 | D:2      | Found a faded altar of an unknown god.
  1561 | D:2      | Learned a level 2 spell: Wereblood
  1565 | D:2      | Learned a level 3 spell: Spider Form
  2048 | D:3      | Reached XP level 4. HP: 29/29 MP: 5/7
  2141 | D:3      | Killed from afar by an orc priest

Illustrated notes

Levels and vault maps discovered:
D:1:      eino_arrival_water_cross, layout_basic
D:2:      layout_basic, shapermc_ecumenical_altar_totnotflames, minivault_11
D:3:      layout_loops_corners, okawaru_trees_2

Skill      XL: |  1  2  3 |
---------------+----------+-----
Stealth        | 1 2 |  2.0
Poison Magic   | 1 |  1.0
Fighting       | 2 |  2.0
Dodging        | |  2.6
Unarmed Combat | |  3.4
Spellcasting   | |  2.0
Transmutations | |  2.0

Action                   |  1- 3 |  4- 6 || total
-------------------------+-------+-------++-------
Melee: Unarmed           |    88 |     2 ||    90
       Kick              |    25 |       ||    25
       Constrict         |    19 |     1 ||    20
       Tentacles         |    14 |     1 ||    15
       Punch             |     1 |       ||     1
 Cast: Beastly Appendage |    30 |     2 ||    32
       Wereblood         |       |     2 ||     2
  Use: Potion            |     1 |     1 ||     2
 Stab: Sleeping          |     6 |     1 ||     7
Armor: Skin              |    92 |       ||    92
Dodge: Dodged            |    59 |       ||    59

Table legend: (Time is in decaauts)
 A = Elapsed time spent in this place.
 B = Non-inter-level travel time spent in this place.
 C = Inter-level travel time spent in this place.
 D = Time resting spent in this place.
 E = Time spent auto-exploring this place.
 F = Levels seen in this place.
 G = Mean time per level.
                   A        B        C        D        E       F      G
               +--------+--------+--------+--------+--------+-----+--------+
         Total |   2135 |   2095 |     40 |      0 |   1805 |   3 |  711.7 |
       Dungeon |   2135 |   2095 |     40 |      0 |   1805 |   3 |  711.7 |
               +--------+--------+--------+--------+--------+-----+--------+

Top non-repeatable levels by time:
     D:1: 1021 daAuts
     D:2: 1014 daAuts
     D:3: 98 daAuts
